 Dungeon Crawl Stone Soup version 0.30.0-16-gbe6223bb7e (webtiles) character file.

Game seed: 901684894784536735

589260 seandewar5 the Rich (level 27, -12/280 (331) HPs)
             Began as a Gnoll Wanderer on May 20, 2023.
             Was an Initiate of Gozag.
             Mangled by a spectral iron giant (35 damage)
             ... summoned by a curse skull
             ... on level 3 of the Crypt.
             The game lasted 05:12:21 (85220 turns).

seandewar5 the Rich (Gnoll Wanderer)               Turns: 85220, Time: 05:12:21

HP:   -12/280 (331) AC: 33    Str: 14 (15) XL:     27
MP:   45/45         EV:  2    Int: 14      God:    Gozag
Gold: 2186          SH: 33    Dex: 26 (27) Spells: 50/63 levels left

rFire   . . .        b - +7 rapier "Caas" {pain, rElec SInv}
rCold   + . .        O - +4 tower shield {rC+}
rNeg    . . .        M - melded +4 troll leather armour
rPois   +            p - melded +2 hat {Stlth+}
rElec   +            V - melded scarf {shadows}
rCorr   .            D - melded +2 pair of gloves {Stlth+}
SInv    +            T - melded +0 pair of boots of the Meadowlark {rN+ Will++ Str+3 Int-2}
Will    ++...        w - amulet of reflection
Stlth   ++++++++     s - ring of poison resistance
HPRegen 0.66/turn    g - ring "Xucuitif" {Drain Str+2 Int+3 Dex+2 SInv}
MPRegen 0.29/turn

%: random rage (3%), reflection
@: mighty, tree-form, on berserk cooldown, slowed, heavily drained, invisible,
very slow
A: stationary, stasis, torment immunity, boosted hp, (fangs 1), strong nose,
distributed training, berserk 1, clumsy 1, deterioration 1, mutation resistance
1, strong 1, wild magic 1, (cold vulnerability 1)
}: 3/15 runes: barnacled, silver, gossamer
a: Renounce Religion, Potion Petition, Call Merchant, Bribe Branch


You were on level 3 of the Crypt.
You worshipped Gozag.
Gozag was most pleased with you.
You were a tree.
You visited 11 branches of the dungeon, and saw 51 of its levels.
You visited the Abyss 1 time.
You also visited: Bailey, Ice Cave and Desolation.

You collected 28076 gold pieces.
You spent 3823 gold pieces at shops.
You paid 22067 gold pieces to Gozag.

Inventory:

Hand Weapons
 b - the +7 rapier "Caas" (weapon) {pain, rElec SInv}
   (You acquired it on level 4 of the Lair of Beasts)

   rElec:     It insulates you from electricity.
   SInv:      It lets you see invisible.
 H - the +8 demon blade "Leech" {evervamp, Harm Drain rN+}
   (You took it off a deep elf annihilator on level 3 of the Elven Halls)

   rN:        It protects you from negative energy.
   Drain:     It drains your maximum health when unequipped.
   Harm:      It increases damage dealt and taken.
Missiles
 a - 3 silver javelins (quivered)
 u - 6 javelins
 v - a throwing net
 Y - 9 boomerangs of dispersal
Armour
 p - a +2 hat of stealth (melded)
 D - a +2 pair of gloves of stealth (melded)
 F - a scarf of resistance
 M - a +4 troll leather armour (melded)
 O - a +4 tower shield of cold resistance (worn)
 T - the +0 pair of boots of the Meadowlark (melded) {rN+ Will++ Str+3 Int-2}
   (You found it on level 3 of the Elven Halls)

   Str:       It affects your strength (+3).
   Int:       It affects your intelligence (-2).
   rN:        It protects you from negative energy.
   Will:      It greatly increases your willpower.
 V - a scarf of shadows (melded)
Jewellery
 e - the ring of Zoafisi {rElec rF+ rCorr Dex-3 SInv}
   (You found it on level 3 of the Shoals)

   [ring of resist corrosion]

   Dex:       It affects your dexterity (-3).
   rF:        It protects you from fire.
   rElec:     It insulates you from electricity.
   SInv:      It lets you see invisible.
   rCorr:     It protects you from acid and corrosion.
 g - the ring "Xucuitif" (right branch) {Drain Str+2 Int+3 Dex+2 SInv}
   (You bought it in a shop on level 4 of the Shoals)

   [ring of see invisible]

   Str:       It affects your strength (+2).
   Int:       It affects your intelligence (+3).
   Dex:       It affects your dexterity (+2).
   SInv:      It lets you see invisible.
   Drain:     It drains your maximum health when unequipped.
 s - a ring of poison resistance (left branch)
 w - an amulet of reflection (around neck)
 E - the amulet "Hefi" {Regen+ Str+3}
   (You found it in the Desolation of Salt)

   [amulet of regeneration]

   Str:       It affects your strength (+3).
   Regen:     It increases your rate of health regeneration.
 I - the amulet "Hiacsic" {Acrobat Int+3 Dex+2}
   (You found it in the Desolation of Salt)

   [amulet of the acrobat]

   It increases your evasion while moving and waiting.
   Int:       It affects your intelligence (+3).
   Dex:       It affects your dexterity (+2).
Wands
 d - a wand of acid (5)
 j - a wand of mindburst (39)
 y - a wand of polymorph (28)
 C - a wand of roots (50)
 J - a wand of flame (63)
 R - a wand of digging (20)
 X - a wand of charming (63)
Scrolls
 h - 5 scrolls of torment
 o - 8 scrolls of teleportation
 q - 16 scrolls of poison
 t - a scroll of silence
 A - 4 scrolls of amnesia
 K - a scroll of magic mapping
 N - 6 scrolls of immolation
 P - a scroll of fear
 U - a scroll of summoning
 W - 9 scrolls of fog
 Z - a scroll of blinking
Potions
 c - 4 potions of mutation
 f - 10 potions of ambrosia
 i - 7 potions of flight
 k - 10 potions of brilliance
 l - 14 potions of curing
 m - 3 potions of cancellation
 r - 2 potions of invisibility
 x - 4 potions of resistance
 B - 6 potions of magic
 G - 3 potions of haste
 L - a potion of might
Miscellaneous
 n - a lightning rod (3/4)
 S - a box of beasts


   Skills:
 + Level 19.1 Fighting
 + Level 18.6 Short Blades
 + Level 18.6 Long Blades
 + Level 18.6 Axes
 + Level 18.6 Maces & Flails
 + Level 18.6 Polearms
 + Level 18.6 Staves
 + Level 18.6 Ranged Weapons
 + Level 18.6 Throwing
 + Level 19.1 Armour
 + Level 18.6 Dodging
 + Level 18.8 Stealth
 + Level 19.6 Shields
 + Level 18.6 Unarmed Combat
 + Level 18.8 Spellcasting
 + Level 15.9 Conjurations
 + Level 15.9 Hexes
 + Level 15.9 Summonings
 + Level 15.9 Necromancy
 + Level 16.0 Translocations
 + Level 15.9 Transmutations
 + Level 15.9 Fire Magic
 + Level 15.9 Ice Magic
 + Level 15.9 Air Magic
 + Level 15.9 Earth Magic
 + Level 15.9 Poison Magic
 + Level 20.1 Invocations
 + Level 18.6 Evocations


You had 50 spell levels left.
You knew the following spells:

 Your Spells              Type           Power      Damage    Failure   Level
a - Apportation           Tloc           100%       N/A       1%          1
b - Blink                 Tloc           100%       N/A       1%          2
c - Slow                  Hex            100%       N/A       1%          1
m - Manifold Assault      Tloc           66%        N/A       1%          4
p - Passwall              Tmut/Erth      55%        N/A       1%          2
s - Swiftness             Air            66%        N/A       1%          3

Your spell library contained the following spells:

 Spells                   Type           Power      Damage    Failure   Level
 Freeze                   Ice            100%       1d10      1%          1
 Kiss of Death            Conj/Necr      100%       2d13      1%          1
 Magic Dart               Conj           100%       1d8       1%          1
 Necrotise                Necr           100%       1d9       1%          1
 Shock                    Conj/Air       100%       1d9       1%          1
 Sting                    Tmut/Pois      100%       1d8       1%          1
 Summon Small Mammal      Summ           100%       N/A       1%          1
 Cigotuvi's Dreadful Rot  Necr/Pois/Air  100%       N/A       1%          2
 Ensorcelled Hibernation  Hex/Ice        100%       N/A       1%          2
 Lesser Beckoning         Tloc           100%       N/A       1%          2
 Momentum Strike          Conj/Tloc      100%       3d10      1%          2
 Poisonous Vapours        Pois/Air       100%       N/A       1%          2
 Searing Ray              Conj           100%       2d8       1%          2
 Sublimation of Blood     Necr           66%        N/A       1%          2
 Wereblood                Tmut           66%        N/A       1%          2
 Call Canine Familiar     Summ           66%        N/A       1%          3
 Confusing Touch          Hex            66%        N/A       1%          3
 Dazzling Flash           Conj/Hex       100%       N/A       1%          3
 Frozen Ramparts          Ice            100%       1d16      1%          3
 Gell's Gravitas          Tloc           66%        N/A       1%          3
 Hailstorm                Conj/Ice       66%        3d14      1%          3
 Ignite Poison            Fire/Tmut/Pois 66%        N/A       1%          3
 Inner Flame              Hex/Fire       66%        N/A       1%          3
 Mephitic Cloud           Conj/Pois/Air  66%        N/A       1%          3
 Ozocubu's Armour         Ice            66%        N/A       1%          3
 Portal Projectile        Hex/Tloc       100%       N/A       1%          3
 Summon Guardian Golem    Hex/Summ       66%        N/A       1%          3
 Teleport Other           Tloc           66%        N/A       1%          3
 Tukima's Dance           Hex            66%        N/A       1%          3
 Vampiric Draining        Necr           66%        2d10      1%          3
 Vhi's Electric Charge    Tloc/Air       100%       N/A       1%          3
 Volatile Blastmotes      Fire/Tloc      100%       2d18      1%          3
 Airstrike                Air            33%        2d(5-21)  1%          4
 Anguish                  Hex/Necr       33%        N/A       1%          4
 Cause Fear               Hex            33%        N/A       1%          4
 Dispel Undead            Necr           66%        3d23      1%          4
 Flame Wave               Conj/Fire      66%        2d15      1%          4
 Fulminant Prism          Conj/Hex       33%        3d15      1%          4
 Ice Form                 Ice/Tmut       66%        N/A       1%          4
 Leda's Liquefaction      Hex/Erth       33%        N/A       1%          4
 Petrify                  Tmut/Erth      66%        N/A       1%          4
 Sticky Flame             Conj/Fire      66%        2d8       1%          4
 Summon Ice Beast         Ice/Summ       66%        N/A       1%          4
 Agony                    Necr           66%        N/A       1%          5
 Alistair's Intoxication  Tmut/Pois      44%        N/A       1%          5
 Arcjolt                  Conj/Air       33%        1d43      1%          5
 Blade Hands              Tmut           33%        N/A       1%          5
 Borgnjor's Vile Clutch   Necr/Erth      33%        N/A       1%          5
 Fireball                 Conj/Fire      33%        3d14      1%          5
 Freezing Cloud           Conj/Ice/Air   33%        6-21      1%          5
 Irradiate                Conj/Tmut      33%        3d22      1%          5
 Iskenderun's Battlesphe  Conj           66%        2d12      1%          5
 Lee's Rapid Deconstruct  Erth           33%        3d17*     1%          5
 Metabolic Englaciation   Hex/Ice        33%        N/A       1%          5
 Silence                  Hex/Air        33%        N/A       1%          5
 Summon Forest            Summ/Tloc      33%        N/A       1%          5
 Summon Mana Viper        Hex/Summ       66%        N/A       1%          5
 Yara's Violent Unravell  Hex/Tmut       33%        3d14      1%          5
 Dispersal                Tloc           33%        N/A       3%          6
 Death Channel            Necr           33%        N/A       4%          6
 Eringya's Noxious Bog    Tmut/Pois      33%        N/A       4%          6
 Plasma Beam              Fire/Air       33%        2x1d50    4%          6
 Statue Form              Tmut/Erth      44%        N/A       4%          6
 Dragon Form              Tmut           33%        N/A       17%         7
 Haunt                    Necr/Summ      33%        N/A       17%         7
 Malign Gateway           Summ/Tloc      33%        N/A       17%         7
 Monstrous Menagerie      Summ           33%        N/A       17%         7
 Orb of Destruction       Conj           33%        9d10      17%         7
 Ozocubu's Refrigeration  Ice            33%        4d14      17%         7
 Spellforged Servitor     Conj/Summ      33%        N/A       17%         7
 Storm Form               Tmut/Air       33%        N/A       17%         7
 Summon Hydra             Summ           33%        N/A       17%         7
 Infestation              Necr           33%        N/A       75%         8
 Summon Horrible Things   Summ           33%        N/A       75%         8
 Animate Dead             Necr           Unusable   N/A       N/A         4

Dungeon Overview and Level Annotations

Branches:
Dungeon (15/15)            Temple (1/1) D:5            Lair (5/5) D:11
 Shoals (4/4) Lair:2       Spider (4/4) Lair:3        Slime (0/5) Lair:4
    Orc (2/2) D:11            Elf (3/3) Orc:2        Vaults (5/5) D:13
  Crypt (3/3) Vaults:3       Tomb (0/3) Crypt:3      Depths (4/4) D:15
    Zot (5/5) Depths:4     Bailey (visited)           IceCv (visited)
Desolation (visited)

Altars:
Ashenzari
Cheibriados
Dithmenos
Elyvilon
Fedhas
Gozag
Hepliaklqana
Kikubaaqudgha
Makhleb
Nemelex Xobeh
Okawaru
Qazlal
Ru
Sif Muna
Trog
Uskayaw
Vehumet
Wu Jian
Xom
Yredelemnul
Zin
The Shining One

Shops:
D:5 [   D:6 *   D:9 !   D:11 [   D:15 *   Orc:1 [   Orc:2 ([?=!   Shoals:4 :!=
Vaults:2 =   Vaults:4 (   Zot:5 *   Depths:1 *   Depths:3 *   Depths:4 [

Portals:
Hell: Depths:1 Depths:2 Depths:3 Depths:4
Abyss: Depths:3
Pandemonium: Orc:2 Depths:2
Ziggurat: Depths:2

Annotations:
D:6 exclusion: 2 downstairs
D:11 exclusion: downstairs
Lair:2 3 runed translucent doors, Cicziuh's ghost, journeyman OpSu
Lair:5 exclusion: obsidian statue, Kirke
Spider:2 3 runed translucent doors, Querens's ghost, adept DECj
Elf:2 3 runed translucent doors
Vaults:3 1 transporter, Ukiefoc's ghost, adept DrFE
Crypt:2 1 runed translucent door, Waammiq's ghost, veteran GrEE
Depths:2 1 transporter, Vv
Zot:5 4 transporters, exclusion: upstairs


Innate Abilities, Weirdness & Mutations

You are a tree.
Your roots penetrate the ground, keeping you stationary.
You cannot be teleported.
You are immune to unholy pain and torment.
Your maximum health is greatly increased.
Your equipment is partially melded.
((You have very sharp teeth.))
Your uncanny sense of smell can sniff out nearby items.
Your experience applies equally to all skills.
You sometimes lose your temper in combat.
You are clumsy. (Dex -2)
Your body sometimes deteriorates upon taking damage.
You are somewhat resistant to further mutation.
Your muscles are strong. (Str +4, Int/Dex -1)
Your spells are a little harder to cast, but a little more powerful.
((You are vulnerable to cold. (rC-)))


Message History

Your ancient champion barely misses the spectral quicksilver dragon.
Your vampire mage hits the spectral quicksilver dragon.
Your vampire mage bites the spectral quicksilver dragon.
You are confused.
You feel invigorated.
The curse skull rattles its jaw.
The spectral quicksilver dragon bites your ancient champion but does no damage.
The spectral quicksilver dragon claws your ancient champion but does no damage.
Your ancient champion hits the spectral quicksilver dragon with a +1 great mace!!
The spectral iron giant hits you!
* * * LOW HITPOINT WARNING * * *
You feel drained.
* * * LOW HITPOINT WARNING * * *
The spectral quicksilver dragon bites your ancient champion!
The spectral quicksilver dragon claws your ancient champion.
Your ancient champion barely misses the spectral quicksilver dragon.
Your vampire mage barely misses the spectral quicksilver dragon. x2
The spectral iron giant hits you but does no damage.
The spectral quicksilver dragon bites your ancient champion but does no damage.
The spectral quicksilver dragon claws your ancient champion.
Okay, then.
Unknown command.
Okay, then.
You feel less invigorated.
You feel less confused.
The jiangshi disappears in a puff of smoke!
Your ancient champion barely misses the spectral quicksilver dragon.
The spectral quicksilver dragon bites your ancient champion but does no damage.
The spectral quicksilver dragon claws your ancient champion!
Your ancient champion hits the spectral quicksilver dragon with a +1 great mace!
The spectral quicksilver dragon is destroyed!
The spectral quicksilver dragon disappears in a puff of smoke!
You block the spectral iron giant's attack.
Your ancient champion hits the spectral iron giant but does no damage.
Your vampire mage gestures wildly while chanting.
The curse skull rattles its jaw.
Your ancient champion hits the spectral iron giant with a +1 great mace!!
The spectral iron giant hits you!!
You die...
Your body crumbles into a pile of gold.

###..... ##############.P.PPPP
###### ......)..)....PPPP#####
PP.....# ................###L..#
PP.P...# ...>########PPP##....[
#PP....# ....# #.P.#WW.# PP....#
....# #.P##W# ∆ ####.....# #...#
#..##z#∆∆∆∆∆#..'.....# #...#
#P.##♣##∆∆∆##'##.....#
#...########...#ZV#####..#P.....#
#............P.##zWn....##......#
#.##########..P.###Z..###P..P...#
#.# #......#####PP..P#...# #.#
#...P...PPPP....##...# #.#
#...#..P....P........#
#.##########...########.........#
...............# #...####..#


You could see 2 flayed ghosts, a curse skull (ally target), a spectral iron
giant (summoned), a shadow (summoned, invisible), a friendly ancient champion
(summoned, fast), a friendly vampire mage (summoned), a friendly necrophage
(summoned), a friendly shadow (summoned) and a friendly centaur warrior skeleton
(summoned).

Vanquished Creatures
  2 dread liches
  3 orbs of fire
  Mennas (Depths:4)
  Sojobo (Depths:1)
  Josephina (Depths:4)
  Bai Suzhen (Depths:1)
  A Killer Klown (Zot:5)
  A curse toe (Zot:1)
  13 golden dragons
  A bone dragon (Zot:3)
  Arachne (Spider:4)
  6 electric golems
  3 doom hounds
  A Tzitzimitl (Zot:3)
  Jorgrun (D:14)
  21 tentacled monstrosities
  8 quicksilver dragons
  9 Orb Guardians
  A walking crystal tome (Depths:3)
  3 liches
  A walking frostbound tome (Depths:3)
  2 deep elf master archers (Elf:3)
  3 sphinxes
  2 titans
  6 death cobs
  The ghost of Timpihef the Spry, an adept OpAK of Lugonu (Elf:2)
  3 shadow dragons
  7 storm dragons
  5 tengu reavers
  11 draconian monks
  4 revenants
  10 frost giants
  4 fire giants
  5 draconian knights
  The ghost of Jisity the Bludgeoner, an adept HuFi of Okawaru (Orc:1)
  An iron dragon (Depths:4)
  4 emperor scorpions
  3 curse skulls
  4 orc warlords
  6 ghost moths
  An imperial myrmidon (Desolation)
  10 vault wardens
  Aizul (Spider:4)
  11 draconian scorchers
  2 ghouls
  A draconian stormcaller (Zot:3)
  2 broodmothers (Spider:3)
  7 draconian shifters
  7 ironbound thunderhulks
  7 draconian annihilators
  3 war gargoyles
  8 very ugly things
  12 stone giants
  9 green draconians
  24 ironbound preservers
  2 reapers
  8 vampire knights
  2 deep elf demonologists
  A putrid mouth (Zot:3)
  20 purple draconians
  13 black draconians
  2 eleionomae (Shoals:3)
  2 halazid warlocks (Desolation)
  10 red draconians
  7 spark wasps
  17 white draconians
  9 dire elephants
  6 yellow draconians
  5 deep elf annihilators
  A spectral titan (Crypt:3)
  The ghost of dertzug the Severer, a journeyman HOFi (D:11)
  5 merfolk javelineers
  7 eidola
  14 ettins
  3 crystal guardians
  2 blizzard demons (IceCv)
  5 deep elf death magi
  11 yaktaur captains
  7 merfolk impalers
  6 jiangshi
  12 fire dragons
  4 great orbs of eyes
  6 ragged hierophants (Desolation)
  4 entropy weavers
  5 servants of whispers (Desolation)
  8 ice dragons
  5 rakshasas
  5 spriggan air magi
  2 caustic shrike simulacra (IceCv)
  7 hydras
  2 ogre magi
  3 demonspawn (Orc:2)
  A catoblepas (Lair:3)
  8 peacekeepers
  4 merfolk avatars
  12 ironbound frosthearts
  6 radroaches
  2 death knights
  7 vault guards
  An anaconda (shapeshifter) (Elf:1)
  A merfolk aquamancer (Shoals:4)
  13 centaur warriors
  6 dancing weapons
  A deep troll earth mage (Depths:3)
  An alligator snapping turtle (Shoals:4)
  2 deep troll shamans (Depths:1)
  5 satyrs
  5 boulder beetles
  2 death yaks (Lair:5)
  7 two-headed ogres
  5 vampire magi
  2 spectral dire elephants
  2 orc high priests (Orc:2)
  A storm dragon zombie (Crypt:3)
  2 tengu warriors
  A sun demon (Depths:2)
  10 deep elf knights
  7 hell knights (Depths:2)
  4 skysharks
  2 soul eaters
  2 iron trolls
  A titan skeleton (Crypt:1)
  3 shadow wraiths (Crypt:3)
  A salamander mystic (Depths:2)
  A golden dragon zombie (Depths:3)
  20 skeletal warriors
  2 spectral anacondas
  A storm dragon skeleton (Crypt:2)
  7 flayed ghosts
  A quicksilver dragon simulacrum (Depths:3)
  A spectral death yak (Lair:5)
  10 pharaoh ants
  2 death drakes (shapeshifter)
  40 deep trolls
  14 sea snakes
  A bog body (IceCv)
  12 lindwurms
  3 glowing orange brains
  An obsidian statue (IceCv)
  7 spriggan simulacra
  6 orb spiders
  8 phantasmal warriors
  10 necromancers
  9 wizards
  4 steelbarb worms
  A bunyip skeleton (Crypt:3)
  17 orc knights
  8 deep elf archers
  A goliath frog zombie (Crypt:2)
  An iron dragon zombie (Crypt:2)
  20 ironbound convokers
  15 harpies
  26 deep elf pyromancers
  16 deep elf zephyrmancers
  9 orc sorcerers (Orc:2)
  An oklob plant (Lair:3)
  2 salamanders (Depths:2)
  A mana viper (shapeshifter) (Vaults:5)
  A frost giant zombie (D:15)
  23 wolf spiders
  12 manticores
  A stone giant zombie (D:15)
  21 ugly things
  A cyclops (shapeshifter) (Vaults:5)
  6 cyclopes
  2 spectral centaurs (Crypt:3)
  23 fauns
  A moth of wrath (shapeshifter) (Vaults:5)
  21 moths of wrath
  A sphinx skeleton (Crypt:1)
  5 merfolk sirens
  14 elephants
  A centaur zombie (Crypt:1)
  2 black mambas
  An eye of devastation (shapeshifter) (Vaults:4)
  5 guardian serpents (Desolation)
  A fire giant skeleton (D:15)
  An orange demon (Orc:2)
  19 vault sentinels
  8 demonic crawlers
  A storm dragon simulacrum (Depths:4)
  8 water nymphs
  A gargoyle (D:8)
  10 cane toads
  A black draconian zombie (Crypt:3)
  2 torpor snails
  2 kobold demonologists (D:14)
  18 freezing wraiths
  A catoblepas zombie (Crypt:3)
  An unseen horror zombie (Crypt:1)
  An efreet (D:13)
  2 unseen horrors
  18 yaktaurs
  2 anaconda simulacra (IceCv)
  8 ice devils
  8 komodo dragons
  A guardian mummy (D:15)
  A naga skeleton (Crypt:3)
  A rime drake (Lair:5)
  2 tengu conjurers (Depths:4)
  A golden dragon simulacrum (IceCv)
  A harpy zombie (Crypt:3)
  A tormentor (Zot:3)
  A green draconian skeleton (Crypt:3)
  An alligator snapping turtle skeleton (Crypt:1)
  25 merfolk
  A red devil (Depths:2)
  A spectral harpy (Crypt:3)
  A hydra zombie (Crypt:2)
  6 trolls
  A black draconian skeleton (Crypt:1)
  3 meliai (Spider:3)
  7 wind drakes
  3 polar bears
  46 saltlings (Desolation)
  A shadow dragon simulacrum (Depths:4)
  40 tarantellas
  A wind drake (shapeshifter) (Vaults:5)
  Grinder (D:4)
  A hornet (D:8)
  A sphinx simulacrum (Depths:4)
  A hydra skeleton (Crypt:3)
  7 blink frogs
  8 snapping turtles
  12 dream sheep
  34 slime creatures
  2 spriggan skeletons
  A vampire (D:13)
  25 flying skulls
  A guardian serpent skeleton (Crypt:1)
  A spriggan (Lair:3)
  25 jumping spiders
  2 shadows (D:11)
  27 culicivoras
  A dire elephant simulacrum (Crypt:3)
  An air elemental (Elf:1)
  3 water elementals
  4 wyverns
  37 yaks
  A golden eye (shapeshifter) (Elf:1)
  A fire elemental (Elf:2)
  2 hogs (Lair:4)
  8 wraiths
  A chaos spawn (Depths:2)
  4 basilisks
  A redback (shapeshifter) (Vaults:5)
  2 steam dragons
  A neqoxec (Abyss:3)
  29 redbacks
  A death yak simulacrum (Lair:5)
  15 vampire mosquitoes
  10 minotaur simulacra (IceCv)
  A harpy simulacrum (IceCv)
  A small abomination (Abyss:3)
  Duvessa (D:5)
  A glowing shapeshifter skeleton (Depths:3)
  An entropy weaver zombie (Crypt:2)
  9 water moccasins
  An acid dragon (D:13)
  2 black bears
  An ice beast (D:6)
  4 sky beasts
  An elephant zombie (Crypt:1)
  An ettin simulacrum (IceCv)
  10 ogres
  42 orc warriors
  A boggart (shapeshifter) (D:15)
  An alligator simulacrum (IceCv)
  12 wolves (Lair:3)
  3 elephant skeletons (Lair:5)
  16 centaurs
  A swamp dragon skeleton (Crypt:3)
  6 kobold brigands
  8 deep troll simulacra (IceCv)
  2 necrophages (Crypt:2)
  A demonspawn simulacrum (Crypt:3)
  3 gnoll sergeants
  11 bullfrogs
  2 glowing shapeshifter simulacra (Depths:3)
  2 earth elementals (Elf:1)
  Dowan (D:5)
  An elephant simulacrum (Lair:5)
  11 killer bees
  5 lindwurm simulacra (IceCv)
  7 howler monkeys
  2 electric eels
  A crimson imp (D:7)
  4 jellies
  28 orc priests
  A gnoll bouda (D:5)
  An iguana (D:5)
  A sleepcap (D:4)
  15 orc wizards
  A tengu zombie (Crypt:2)
  A howler monkey zombie (Crypt:1)
  Robin (D:4)
  19 gnolls
  6 adders
  2 shadow imps (D:7)
  2 white imps
  A lava snake zombie (Crypt:3)
  2 worms
  A dart slug (D:2)
  90 orcs
  11 endoplasms
  4 giant cockroaches
  12 hobgoblins
  6 jackals (D:1)
  4 quokkas
  6 ball pythons
  3 bats
  4 frilled lizards
  23 goblins
  17 kobolds
  A kobold zombie (Crypt:3)
  A quokka zombie (Crypt:2)
  3 rats
  A rat skeleton (Crypt:2)
2017 creatures vanquished.

Vanquished Creatures (collateral kills)
  A dread lich (Vaults:5)
  A Killer Klown (Zot:3)
  A curse toe (Zot:3)
  Nikola (Spider:1)
  3 tentacled monstrosities (Zot:2)
  Grunn (Zot:4)
  A titan (Vaults:5)
  A quicksilver dragon (Zot:3)
  A death cob (Zot:2)
  2 storm dragons (Zot:2)
  2 draconian monks (Zot:2)
  Roxanne (D:14)
  2 deep elf sorcerers (Elf:3)
  An imperial myrmidon (Desolation)
  A vault warden (Vaults:5)
  A fire giant (Vaults:5)
  2 draconian scorchers
  An iron dragon (Vaults:5)
  A draconian stormcaller (Zot:3)
  2 deep elf elementalists (Elf:3)
  A draconian annihilator (Zot:3)
  A war gargoyle (Vaults:5)
  A stone giant (Vaults:5)
  A black draconian (Zot:1)
  4 deep elf annihilators
  3 deep elf demonologists (Elf:3)
  5 white draconians
  2 yellow draconians
  2 purple draconians
  2 red draconians
  4 ettins (Vaults:5)
  4 deep elf death magi
  A yaktaur captain (Vaults:5)
  4 deep elf high priests
  A caustic shrike simulacrum (IceCv)
  8 vault guards (Vaults:5)
  A catoblepas (shapeshifter) (Vaults:5)
  An ogre mage (Vaults:5)
  A servant of whispers (Desolation)
  2 dancing weapons (Elf:3)
  A deep elf knight (Elf:3)
  A sea snake (Shoals:1)
  A phantasmal warrior (Vaults:5)
  A necromancer (Vaults:5)
  2 deep elf archers (Elf:3)
  4 deep elf pyromancers (Elf:3)
  A deep elf zephyrmancer (Elf:3)
  A steelbarb worm (Spider:4)
  2 manticores
  A cyclops (D:11)
  A faun (Shoals:1)
  7 moths of wrath
  An ice statue (Elf:3)
  A water nymph (Shoals:3)
  A vault sentinel (Vaults:5)
  4 yaktaurs (Vaults:5)
  A rime drake (shapeshifter) (Vaults:5)
  A troll (D:10)
  3 merfolk
  A sphinx simulacrum (Depths:4)
  A saltling (Desolation)
  An air elemental (Elf:3)
  2 culicivoras (Spider:4)
  A water elemental (Elf:3)
  2 redbacks (Spider:1)
  2 fire elementals (Elf:3)
  An ogre (D:11)
  An orc priest (D:10)
  2 gnolls (D:11)
  2 orcs (D:10)
127 creatures vanquished.

Vanquished Creatures (others)
  An orb of fire (Zot:1)
  A deep elf blademaster (Elf:3)
  2 titans (Vaults:5)
  A tengu reaver (Vaults:5)
  A shadow dragon (Zot:2)
  A draconian knight (Depths:4)
  2 fire giants (Vaults:5)
  3 draconian scorchers
  A vault warden (Vaults:5)
  2 draconian shifters
  2 draconian annihilators (Zot:1)
  A deep elf elementalist (Elf:3)
  2 stone giants (Vaults:5)
  A red draconian (Zot:1)
  4 deep elf demonologists
  4 black draconians
  A yellow draconian (Zot:2)
  A deep elf annihilator (Vaults:5)
  A white draconian (Zot:1)
  A deep elf high priest (Elf:3)
  A yaktaur captain (Vaults:5)
  17 vault guards (Vaults:5)
  A deep troll earth mage (Vaults:5)
  A vampire mage (Vaults:3)
  A death drake (shapeshifter) (Vaults:5)
  3 deep elf archers (Elf:3)
  An orc knight (Vaults:5)
  A phantasmal warrior (Vaults:5)
  3 deep elf zephyrmancers (Elf:3)
  3 deep elf pyromancers (Elf:3)
  2 ironbound convokers (Vaults:5)
  A moth of wrath (Zot:1)
  A vault sentinel (Vaults:5)
  3 yaktaurs (Vaults:5)
  3 orc warriors
  A kobold brigand (D:11)
  An orc wizard (D:12)
  4 orcs
  6 starspawn tentacles (Abyss:3)
87 creatures vanquished.

Grand Total: 2231 creatures vanquished

Notes
Turn   | Place    | Note
-------+----------+-------------------------------------------
     0 | D:1      | seandewar5 the Gnoll Wanderer began the quest for the Orb.
     0 | D:1      | seandewar5 set off with the following items: a +0 dagger, a
                  | +0 ring mail, a potion of lignification, a +2 buckler; and
                  | the following spell memorised: Apportation; and the
                  | following spells available to memorise: Volatile
                  | Blastmotes.
     0 | D:1      | Reached XP level 1. HP: 20/20 MP: 4/4
   134 | D:1      | Reached XP level 2. HP: 25/26 MP: 5/5
   159 | D:1      | Found a faded altar of an unknown god.
   484 | D:1      | Reached XP level 3. HP: 31/31 MP: 7/7
   897 | D:2      | Reached skill level 1 in Invocations
  1051 | D:2      | Noticed a black bear
  1540 | D:2      | Reached skill level 1 in Short Blades
  1540 | D:2      | Reached skill level 1 in Long Blades
  1540 | D:2      | Reached skill level 1 in Axes
  1540 | D:2      | Reached skill level 1 in Maces & Flails
  1540 | D:2      | Reached skill level 1 in Polearms
  1540 | D:2      | Reached skill level 1 in Staves
  1540 | D:2      | Reached skill level 1 in Ranged Weapons
  1540 | D:2      | Reached skill level 1 in Throwing
  1540 | D:2      | Reached skill level 1 in Dodging
  1540 | D:2      | Reached skill level 1 in Unarmed Combat
  1540 | D:2      | Reached skill level 1 in Evocations
  2035 | D:2      | Reached XP level 4. HP: 38/38 MP: 8/8
  2362 | D:2      | Killed a black bear
  2363 | D:2      | Reached skill level 1 in Conjurations
  2363 | D:2      | Reached skill level 1 in Hexes
  2363 | D:2      | Reached skill level 1 in Summonings
  2363 | D:2      | Reached skill level 1 in Necromancy
  2363 | D:2      | Reached skill level 1 in Transmutations
  2363 | D:2      | Reached skill level 1 in Fire Magic
  2363 | D:2      | Reached skill level 1 in Ice Magic
  2363 | D:2      | Reached skill level 1 in Air Magic
  2363 | D:2      | Reached skill level 1 in Earth Magic
  2363 | D:2      | Reached skill level 1 in Poison Magic
  2363 | D:2      | Reached XP level 5. HP: 43/43 MP: 9/9
  2983 | D:4      | Found a hide-covered altar of Uskayaw.
  3056 | D:4      | Noticed Grinder
  3171 | D:4      | Reached skill level 2 in Invocations
  3171 | D:4      | Reached XP level 6. HP: 50/50 MP: 9/11
  3218 | D:4      | Noticed Robin
  3357 | D:4      | Killed Robin
  3358 | D:4      | Reached skill level 5 in Fighting
  3358 | D:4      | Reached skill level 5 in Armour
  3564 | D:4      | Found a shimmering blue altar of Sif Muna.
  3614 | D:4      | Killed Grinder
  3615 | D:4      | Reached XP level 7. HP: 56/56 MP: 12/12
  3761 | D:5      | Entered Level 5 of the Dungeon
  3836 | D:5      | Found a snail-covered altar of Cheibriados.
  3944 | D:5      | Noticed Dowan
  3945 | D:5      | Noticed Duvessa
  3946 | D:5      | Killed Dowan
  3960 | D:5      | Killed Duvessa
  3961 | D:5      | Reached skill level 3 in Invocations
  4497 | D:5      | Found a staircase to the Ecumenical Temple.
  4511 | Temple   | Entered the Ecumenical Temple
  4960 | D:5      | Learned a level 1 spell: Slow
  5046 | D:5      | Found Duerph's Armour Emporium.
  5054 | D:5      | Bought a +1 pair of gloves of stealth for 231 gold pieces
  5138 | D:5      | Reached XP level 8. HP: 53/63 MP: 14/14
  5500 | D:5      | Found a sacrificial altar of Ru.
  5750 | D:6      | Identified the +1 plate armour of Nusuinn {-Tele Str+5
                  | Int+3 Dex-5}
  5837 | D:6      | Found an ancient bone altar of Kikubaaqudgha.
  6085 | D:6      | Found Heagiz's General Store.
  6158 | D:6      | Bought a scroll of identify for 24 gold pieces
  6719 | D:7      | Reached skill level 4 in Invocations
  7120 | D:7      | Reached XP level 9. HP: 56/69 MP: 16/16
  7150 | D:7      | Reached skill level 5 in Spellcasting
  7371 | D:7      | Reached skill level 5 in Stealth
  7497 | D:7      | Found a shimmering altar of Xom.
  7497 | D:7      | Found a burning altar of Makhleb.
  7501 | D:7      | Reached skill level 5 in Invocations
  7681 | D:8      | Found a glowing silver altar of Zin.
  8020 | D:8      | Found a flagged portal.
  8030 | Bailey   | Entered a bailey
  8162 | D:8      | Found a sparkling altar of Nemelex Xobeh.
  8162 | D:8      | Found an opulent altar of Gozag.
  8360 | D:8      | Noticed a hornet
  8383 | D:8      | Noticed a gargoyle
  8868 | D:8      | Killed a gargoyle
  9071 | D:9      | Reached skill level 5 in Short Blades
  9071 | D:9      | Reached skill level 5 in Long Blades
  9071 | D:9      | Reached skill level 5 in Axes
  9071 | D:9      | Reached skill level 5 in Maces & Flails
  9071 | D:9      | Reached skill level 5 in Polearms
  9071 | D:9      | Reached skill level 5 in Staves
  9071 | D:9      | Reached skill level 5 in Ranged Weapons
  9071 | D:9      | Reached skill level 5 in Throwing
  9071 | D:9      | Reached skill level 5 in Dodging
  9071 | D:9      | Reached skill level 5 in Unarmed Combat
  9071 | D:9      | Reached skill level 5 in Evocations
  9071 | D:9      | Reached XP level 10. HP: 63/77 MP: 18/18
  9584 | D:8      | Reached skill level 5 in Translocations
  9678 | D:9      | Noticed a two-headed ogre
  9821 | D:9      | Reached skill level 6 in Invocations
  9995 | D:9      | Killed a two-headed ogre
 10385 | D:9      | Found Pouwny's Distillery.
 10452 | D:8      | Became a worshipper of Gozag Ym Sagoz the Greedy
 10583 | D:9      | Identified the +1 trident of the Ancients {flame, rElec rC+
                  | Str+3}
 10632 | D:10     | Entered Level 10 of the Dungeon
 11145 | D:10     | Reached skill level 5 in Conjurations
 11145 | D:10     | Reached skill level 5 in Hexes
 11145 | D:10     | Reached skill level 5 in Summonings
 11145 | D:10     | Reached skill level 5 in Necromancy
 11145 | D:10     | Reached skill level 5 in Transmutations
 11145 | D:10     | Reached skill level 5 in Fire Magic
 11145 | D:10     | Reached skill level 5 in Ice Magic
 11145 | D:10     | Reached skill level 5 in Air Magic
 11145 | D:10     | Reached skill level 5 in Earth Magic
 11145 | D:10     | Reached skill level 5 in Poison Magic
 11145 | D:10     | Reached XP level 11. HP: 85/85 MP: 21/21
 11796 | D:11     | Reached skill level 7 in Invocations
 11917 | D:11     | Found a runed translucent door.
 11918 | D:11     | Found a shimmering altar of Xom.
 11918 | D:11     | Noticed dertzug's ghost (journeyman HOFi)
 11919 | D:11     | Noticed a +0 hand axe of chaos
 12083 | D:11     | Noticed a cyclops
 12317 | D:11     | Found a staircase to the Lair.
 12628 | D:11     | Found a staircase to the Orcish Mines.
 12906 | D:11     | Killed a cyclops
 12907 | D:11     | Reached XP level 12. HP: 94/94 MP: 23/23
 12970 | D:11     | Learned a level 2 spell: Passwall
 13340 | D:12     | Reached skill level 8 in Invocations
 13563 | D:12     | Reached skill level 10 in Shields
 13701 | D:12     | Found a sparkling altar of Nemelex Xobeh.
 14091 | Lair:1   | Entered Level 1 of the Lair of Beasts
 15048 | Lair:2   | Found a runed translucent gate.
 15048 | Lair:2   | Found a runed translucent gate.
 15048 | Lair:2   | Found a runed translucent gate.
 15222 | Lair:2   | Noticed a minotaur
 15510 | Lair:2   | Noticed Cicziuh's ghost (journeyman OpSu)
 15594 | Lair:2   | Found a staircase to the Shoals.
 15821 | Lair:3   | Noticed an eight-headed hydra
 15829 | Lair:3   | Killed an eight-headed hydra
 15866 | Lair:3   | Noticed a six-headed hydra
 15896 | Lair:3   | Killed a six-headed hydra
 15999 | Lair:3   | Learned a level 2 spell: Blink
 16003 | Lair:3   | Learned a level 3 spell: Swiftness
 16042 | Lair:3   | Noticed a catoblepas
 16130 | Lair:3   | Killed a catoblepas
 16290 | Lair:2   | Reached XP level 13. HP: 101/101 MP: 25/25
 16342 | Lair:3   | Identified a scroll of acquirement
 16343 | Lair:3   | Acquired 762 gold pieces
 16351 | Lair:3   | Found a hole to the Spider Nest.
 16364 | Lair:3   | Reached skill level 9 in Invocations
 16651 | Lair:3   | Identified the +0 chain mail "Amnevioh" {rF+ Str-2 Dex+2}
 18229 | Lair:4   | Found a staircase to the Slime Pits.
 18259 | Lair:4   | Acquired the +7 rapier "Caas" {pain, rElec SInv}
 18434 | Lair:4   | Reached skill level 10 in Fighting
 18434 | Lair:4   | Reached skill level 10 in Armour
 18768 | Lair:5   | Entered Level 5 of the Lair of Beasts
 18826 | Lair:5   | Noticed Kirke
 19618 | Lair:5   | Noticed a dire elephant
 19619 | Lair:5   | Noticed a dire elephant
 19646 | Lair:5   | Reached skill level 10 in Invocations
 19646 | Lair:5   | Reached XP level 14. HP: 110/110 MP: 27/27
 20315 | Lair:5   | Killed a dire elephant
 20350 | Lair:5   | Killed a dire elephant
 20796 | Lair:5   | Identified the ring "Koas" {Fire Contam Int+2 Dex+4}
 21138 | D:11     | Bought glowing ice dragon scales for 1575 gold pieces
 21290 | D:11     | Reached skill level 10 in Spellcasting
 21797 | D:13     | Found a gate to the Vaults.
 22208 | D:13     | Reached skill level 10 in Stealth
 23450 | D:14     | You fall into a shaft and drop 1 floor!
 23450 | D:15     | Entered Level 15 of the Dungeon
 23739 | D:14     | Noticed Roxanne
 23759 | D:14     | Reached skill level 10 in Short Blades
 23759 | D:14     | Reached skill level 10 in Long Blades
 23759 | D:14     | Reached skill level 10 in Axes
 23759 | D:14     | Reached skill level 10 in Maces & Flails
 23759 | D:14     | Reached skill level 10 in Polearms
 23759 | D:14     | Reached skill level 10 in Staves
 23759 | D:14     | Reached skill level 10 in Ranged Weapons
 23759 | D:14     | Reached skill level 10 in Throwing
 23759 | D:14     | Reached skill level 10 in Dodging
 23759 | D:14     | Reached skill level 10 in Unarmed Combat
 23759 | D:14     | Reached skill level 10 in Evocations
 23788 | D:14     | Noticed Jorgrun
 23808 | D:14     | Killed Jorgrun
 23918 | D:14     | Reached XP level 15. HP: 96/118 MP: 29/29
 23939 | D:14     | Reached skill level 11 in Invocations
 24324 | D:14     | Killed Roxanne
 24364 | D:15     | Found Poprisui's General Store.
 24765 | D:15     | Found a staircase to the Depths.
 25204 | D:15     | Identified the ring of the Ancients {Ice MP+9 Str+3}
 25351 | D:15     | Bought a scroll of identify for 28 gold pieces
 25786 | Orc:1    | Entered Level 1 of the Orcish Mines
 25899 | Orc:2    | Entered Level 2 of the Orcish Mines
 25899 | Orc:2    | Found Gifoum's Antique Weapon Shoppe.
 26167 | Orc:2    | Found a staircase to the Elven Halls.
 26746 | Orc:1    | Found an iron altar of Okawaru.
 26854 | Orc:2    | Found Nuqots's Magic Scroll Emporium.
 27027 | Orc:2    | Found Mugganor's Distillery.
 28538 | Orc:2    | Found Entammif's Jewellery Shop.
 28538 | Orc:2    | Found Ivvyjeuq's Antique Armour Boutique.
 28538 | Orc:2    | Found a one-way gate leading to the halls of Pandemonium.
 28593 | Orc:1    | Found Amytixon's Armour Shoppe.
 28597 | Orc:1    | Found a runed translucent gate.
 28597 | Orc:1    | Found a runed translucent gate.
 28597 | Orc:1    | Found a runed translucent gate.
 28607 | Orc:1    | Noticed Jisity's ghost (adept HuFi)
 28855 | Elf:1    | Entered Level 1 of the Elven Halls
 28876 | Orc:2    | Reached XP level 16. HP: 107/127 MP: 31/31
 29149 | Elf:1    | Noticed Louise
 29164 | Elf:1    | Louise changed into Louise the ghost moth
 29164 | Elf:1    | Noticed Louise
 29178 | Elf:1    | Killed Louise the ghost moth
 29299 | Elf:1    | Reached skill level 12 in Invocations
 29447 | Elf:1    | Paralysed by an air elemental for 1 turns
 30116 | Elf:1    | Identified the +5 long sword of the Tundras {pain, Will+}
 30288 | Elf:2    | Found a runed translucent door.
 30289 | Elf:2    | Noticed Timpihef's ghost (adept OpAK)
 30396 | Elf:2    | Found a shimmering blue altar of Sif Muna.
 31048 | Elf:2    | Found a runed translucent gate.
 31049 | Elf:2    | Found a runed translucent gate.
 31049 | Elf:2    | Found a runed translucent gate.
 31207 | Elf:3    | Entered Level 3 of the Elven Halls
 31240 | Elf:3    | Reached skill level 10 in Translocations
 31334 | Elf:3    | Found a frozen archway.
 31334 | Elf:3    | Gained mutation: You occasionally shout uncontrollably at
                  | your foes. [mutagenic glow]
 31349 | IceCv    | Entered an ice cave
 32412 | IceCv    | Reached XP level 17. HP: 124/135 MP: 33/33
 33083 | Elf:3    | Reached skill level 10 in Conjurations
 33083 | Elf:3    | Reached skill level 10 in Hexes
 33083 | Elf:3    | Reached skill level 10 in Summonings
 33083 | Elf:3    | Reached skill level 10 in Necromancy
 33083 | Elf:3    | Reached skill level 10 in Transmutations
 33083 | Elf:3    | Reached skill level 10 in Fire Magic
 33083 | Elf:3    | Reached skill level 10 in Ice Magic
 33083 | Elf:3    | Reached skill level 10 in Air Magic
 33083 | Elf:3    | Reached skill level 10 in Earth Magic
 33083 | Elf:3    | Reached skill level 10 in Poison Magic
 33651 | Abyss:3  | Cast into level 3 of the Abyss (a deep elf sorcerer)
 33708 | Abyss:3  | Noticed a hellephant
 33805 | Abyss:3  | Noticed a tentacled starspawn
 33822 | Abyss:3  | Noticed a lich
 33865 | Elf:3    | Escaped the Abyss
 33870 | Elf:3    | Noticed an Ice Fiend
 33890 | Elf:3    | Reached skill level 13 in Invocations
 33982 | Elf:3    | Noticed a deep elf blademaster
 33994 | Elf:3    | Noticed a deep elf master archer
 34004 | Elf:3    | Killed a deep elf master archer
 34023 | Elf:3    | Identified the ring "Pam Feni" {Str+2 SInv}
 34030 | Elf:3    | Noticed a deep elf blademaster
 34084 | Elf:3    | Identified the +1 dagger of Tumult {freeze, rN+++ Dex-2
                  | Stlth+} (You took it off a deep elf annihilator on level 3
                  | of the Elven Halls)
 34182 | Elf:3    | Noticed a deep elf master archer
 34187 | Elf:3    | Found the +11 plutonium sword {Contam Stlth-}
 34192 | Elf:3    | Identified the staff of poison "Zozxu" {rPois Dex+3}
 34198 | Elf:3    | Identified the +0 pair of boots of the Meadowlark {rN+
                  | Will++ Str+3 Int-2}
 34214 | Elf:3    | Got the Compendium of Shaping
 34218 | Elf:3    | Got the Codex of the Bonfire
 34299 | Elf:3    | Killed a deep elf master archer
 34695 | Shoals:1 | Entered Level 1 of the Shoals
 34936 | Elf:1    | Lost mutation: You occasionally shout uncontrollably at
                  | your foes. [potion of mutation]
 34936 | Elf:1    | Gained mutation: You have hidden genetic defects. [potion
                  | of mutation]
 34936 | Elf:1    | Gained mutation: You sometimes lose your temper in combat.
                  | [potion of mutation]
 34936 | Elf:1    | Lost mutation: You sometimes lose your temper in combat.
                  | [potion of mutation]
 34937 | Elf:1    | Lost mutation: You have hidden genetic defects. [potion of
                  | mutation]
 34937 | Elf:1    | Gained mutation: You are dopey. (Int -2) [potion of
                  | mutation]
 36438 | Shoals:2 | Identified the +1 helmet of Xom's Fury {*Corrode rPois
                  | rC+++ Int-5}
 36860 | Shoals:2 | Reached XP level 18. HP: 127/143 MP: 34/34
 38905 | Shoals:3 | Identified the ring of Zoafisi {rElec rF+ rCorr Dex-3 SInv}
 39025 | Shoals:4 | Entered Level 4 of the Shoals
 39163 | Shoals:4 | Found Foetiycakk's Distillery.
 39428 | Shoals:4 | Identified the staff of fire "Aheor" {rPois rF+ rC+}
 39434 | Shoals:4 | Learned a level 4 spell: Manifold Assault
 39674 | Shoals:4 | Reached skill level 14 in Invocations
 39871 | Shoals:4 | Bought a potion of haste for 170 gold pieces
 39910 | Shoals:4 | Identified the staff of fire "Musod" {Drain rF+ rN+ Str+6
                  | Stlth+}
 40244 | Shoals:4 | Found Moitay's Vocational Training.
 40631 | Shoals:4 | Got a barnacled rune of Zot
 40997 | Shoals:4 | Bought the ring "Xucuitif" {Drain Str+2 Int+3 Dex+2 SInv}
                  | for 528 gold pieces
 41136 | Spider:1 | Entered Level 1 of the Spider Nest
 41644 | Spider:1 | Noticed Nikola
 41654 | Spider:1 | Killed Nikola
 42810 | Spider:1 | Reached XP level 19. HP: 98/151 MP: 36/36
 42903 | Spider:1 | Found a hide-covered altar of Uskayaw.
 43702 | Spider:2 | Found a runed translucent gate.
 43702 | Spider:2 | Found a runed translucent gate.
 43703 | Spider:2 | Found a runed translucent gate.
 43707 | Spider:2 | Noticed Querens's ghost (adept DECj)
 45061 | Spider:3 | Gained mutation: You occasionally shout uncontrollably at
                  | your foes. [mutagenic glow]
 45140 | Spider:3 | Lost mutation: You are dopey. (Int -2) [potion of mutation]
 45140 | Spider:3 | Lost mutation: You occasionally shout uncontrollably at
                  | your foes. [potion of mutation]
 45140 | Spider:3 | Gained mutation: Your flesh is heat resistant. (rF+)
                  | [potion of mutation]
 45140 | Spider:3 | Gained mutation: You are robust. (+10% HP) [potion of
                  | mutation]
 45470 | Spider:3 | Gained mutation: You have a somewhat thin skeletal
                  | structure. (Dex +2, Stealth+) [mutagenic glow]
 46385 | Spider:4 | Entered Level 4 of the Spider Nest
 46868 | Spider:4 | Reached skill level 15 in Shields
 47419 | Spider:4 | Noticed Arachne
 47440 | Spider:4 | Killed Arachne
 47598 | Spider:4 | Noticed Aizul
 47840 | Spider:4 | Reached skill level 15 in Invocations
 48047 | Spider:4 | Got a gossamer rune of Zot
 48058 | Spider:4 | Reached XP level 20. HP: 176/176 MP: 38/38
 48170 | Spider:4 | Killed Aizul
 48689 | Depths:1 | Entered Level 1 of the Depths
 48804 | Depths:1 | Reached XP level 21. HP: 177/182 MP: 39/39
 48845 | Depths:1 | Noticed Sojobo
 48975 | Depths:1 | Noticed Bai Suzhen
 49070 | Depths:1 | Killed Bai Suzhen
 49142 | Depths:1 | Found a gateway to Hell.
 49164 | Depths:1 | Found a stormy altar of Qazlal.
 50062 | Depths:2 | Found a one-way gateway to a ziggurat.
 50136 | Depths:2 | Noticed Vv
 50141 | Depths:2 | Acquired 1231 gold pieces
 50377 | Depths:2 | Found a transporter.
 50380 | Depths:2 | Found a shimmering blue altar of Sif Muna.
 50681 | Depths:1 | Killed Sojobo
 50682 | Depths:1 | Reached skill level 15 in Fighting
 50682 | Depths:1 | Reached skill level 15 in Armour
 50947 | Depths:1 | Bought a scroll of teleportation for 114 gold pieces
 50947 | Depths:1 | Bought 2 potions of heal wounds for 380 gold pieces
 50947 | Depths:1 | Bought a scroll of enchant armour for 285 gold pieces
 50947 | Depths:1 | Bought a scroll of fear for 152 gold pieces
 51456 | Depths:2 | Found a glowing golden altar of the Shining One.
 51609 | Depths:3 | Noticed a golden dragon
 51612 | Depths:3 | Killed a golden dragon
 52435 | Depths:3 | Found a one-way gate to the infinite horrors of the Abyss.
 52679 | Depths:3 | Found Xum Ewij's Fire Supplies.
 53007 | Depths:3 | Reached skill level 15 in Spellcasting
 53277 | Depths:3 | Reached skill level 16 in Invocations
 53326 | Depths:4 | Entered Level 4 of the Depths
 53541 | Depths:4 | Reached XP level 22. HP: 193/193 MP: 41/41
 53651 | Depths:4 | Reached skill level 15 in Stealth
 53736 | Depths:4 | Identified the ring "Leiry" {Ice Will- Str+2 Stlth+}
 53736 | Depths:4 | Noticed Josephina
 53747 | Depths:4 | Killed Josephina
 54060 | Depths:4 | Found a gate to the Realm of Zot.
 54300 | Depths:4 | Reached skill level 15 in Short Blades
 54300 | Depths:4 | Reached skill level 15 in Long Blades
 54300 | Depths:4 | Reached skill level 15 in Axes
 54300 | Depths:4 | Reached skill level 15 in Maces & Flails
 54300 | Depths:4 | Reached skill level 15 in Polearms
 54300 | Depths:4 | Reached skill level 15 in Staves
 54300 | Depths:4 | Reached skill level 15 in Ranged Weapons
 54300 | Depths:4 | Reached skill level 15 in Throwing
 54300 | Depths:4 | Reached skill level 15 in Dodging
 54300 | Depths:4 | Reached skill level 15 in Unarmed Combat
 54300 | Depths:4 | Reached skill level 15 in Evocations
 54364 | Depths:4 | Noticed a golden dragon
 54591 | Depths:4 | Noticed a golden dragon
 54900 | Depths:4 | Noticed a golden dragon
 54928 | Depths:4 | Noticed a golden dragon
 54938 | Depths:4 | Killed a golden dragon
 55064 | Depths:4 | Killed a golden dragon
 55120 | Depths:4 | Noticed a golden dragon
 55145 | Depths:4 | Killed a golden dragon
 55294 | Depths:4 | Killed a golden dragon
 55619 | Depths:4 | Killed a golden dragon
 55846 | Depths:4 | Identified the +4 sling of Chance {drain, rPois Int+3}
 56248 | Depths:4 | Noticed Mennas
 56314 | Depths:4 | Killed Mennas
 56815 | Vaults:1 | Entered Level 1 of the Vaults
 57074 | Vaults:1 | Reached XP level 23. HP: 144/202 MP: 42/42
 58225 | Vaults:1 | Reached skill level 17 in Invocations
 58674 | Vaults:2 | Found Uphixifo's Jewellery Emporium.
 58729 | Vaults:2 | Found a crumbling gateway.
 58740 | Desolati | Entered the Desolation of Salt
 58998 | Desolati | Got the Dissertation on Destruction and the Oath
 59007 | Desolati | Identified the amulet "Hiacsic" {Acrobat Int+3 Dex+2}
 59530 | Desolati | Got Fediwn's Volume of Anathema
 59542 | Desolati | Identified the +10 short sword "Bynoetom" {drain, Contam
                  | *Corrode rElec Str+9}
 59550 | Desolati | Got the Lessons on Terrestrial Charms
 59997 | Desolati | Identified the ring of Deezxu {rC++ Will- MP+9 Int+3 Dex+2}
 60101 | Desolati | Identified the amulet "Hefi" {Regen+ Str+3}
 60102 | Desolati | Identified the staff of air "Zomoofeu" {rElec rC- rN+++
                  | Will+ Dex-3}
 60125 | Desolati | Got the Catalogue of Viridian Spellbinding
 61470 | Vaults:2 | Reached XP level 24. HP: 196/212 MP: 43/43
 61679 | Vaults:3 | Identified the +9 arbalest of the Jester {flame, rElec
                  | rPois Str+8 Stlth-}
 62863 | Vaults:3 | Found a staircase to the Crypt.
 62880 | Vaults:3 | Found a transporter.
 62883 | Vaults:3 | Noticed Ukiefoc's ghost (adept DrFE)
 63275 | Vaults:4 | Found Edghewn's Weapon Boutique.
 64425 | Vaults:5 | Entered Level 5 of the Vaults
 64428 | Vaults:5 | Noticed an ancient lich
 64431 | Vaults:5 | Reached skill level 18 in Invocations
 64699 | Vaults:5 | Identified the staff of fire "Ginafier" {rF+ Will+}
 64701 | Vaults:5 | Found the sphere of Battle
 64755 | Vaults:5 | Banished an ancient lich
 64792 | Vaults:5 | Identified the ring of Qieppe {*Slow rElec rPois SInv}
 64852 | Vaults:5 | Noticed a dread lich
 64862 | Vaults:5 | Identified the +8 hand axe of Might {drain, Fragile rPois
                  | rCorr Int+3 Dex+3}
 64878 | Vaults:5 | Killed a dread lich
 64974 | Vaults:5 | Identified the staff of earth "Camoc" {Drain Str+3 Dex+2
                  | Stlth+}
 65305 | Vaults:5 | Identified the staff of earth "Setigred" {Dex+3}
 65338 | Vaults:5 | Got the Spellbook of Bewitching Arson
 65356 | Vaults:5 | Identified the +0 helmet of Ru's Regard {Rampage Regen+
                  | Dex-2}
 65437 | Vaults:5 | Reached XP level 25. HP: 222/222 MP: 44/44
 65554 | Vaults:5 | Identified the ring of Kusoh {Drain Dex+6 SInv}
 65555 | Vaults:5 | Identified the +7 chain mail "Kakin" {Harm rN+}
 65565 | Vaults:5 | Got a silver rune of Zot
 65629 | Vaults:5 | Identified the +6 chain mail of Optimism {rN+ Str+3 Dex+3
                  | Slay+2}
 65688 | Vaults:5 | Identified the +6 war axe of Disgust {drain, rElec Str+2
                  | Dex+2}
 65813 | Vaults:5 | Identified the +7 glaive of Ecol {freeze, *Noise rC++}
 66592 | Zot:1    | Entered Level 1 of the Realm of Zot
 66723 | Zot:1    | HP: 16/333 [constriction (3)]
 66724 | Zot:1    | HP: 3/222 [constriction (3)]
 67971 | Zot:1    | Noticed an orb of fire
 67982 | Zot:1    | Killed an orb of fire
 69043 | Zot:3    | Noticed a Killer Klown
 69050 | Zot:3    | Killed a Killer Klown
 69394 | Zot:2    | Reached skill level 15 in Translocations
 69873 | Zot:3    | Noticed an orb of fire
 70104 | Zot:3    | Noticed an orb of fire
 70110 | Zot:3    | Lost mutation: You are robust. (+10% HP) [an orb of fire]
 70490 | Zot:2    | Reached skill level 19 in Invocations
 70542 | Zot:3    | Gained mutation: Your natural rate of healing is unusually
                  | fast. [an orb of fire]
 70551 | Zot:3    | Gained mutation: You have hidden genetic defects. [an orb
                  | of fire]
 70561 | Zot:3    | Gained mutation: You sometimes lose your temper in combat.
                  | [an orb of fire]
 70583 | Zot:3    | Killed an orb of fire
 70628 | Zot:3    | Gained mutation: You are frail. (-10% HP) [an orb of fire]
 70634 | Zot:3    | Gained mutation: You occasionally lose the ability to read
                  | scrolls when taking damage. [an orb of fire]
 70704 | Zot:2    | Lost mutation: Your natural rate of healing is unusually
                  | fast. [an orb of fire]
 70728 | Zot:2    | Gained mutation: You are very frail. (-20% HP) [an orb of
                  | fire]
 70734 | Zot:2    | Gained mutation: You are weak. (Str -2) [an orb of fire]
 70737 | Zot:2    | Killed an orb of fire
 70738 | Zot:2    | Reached XP level 26. HP: 168/168 MP: 44/44
 70782 | Zot:2    | Lost mutation: You occasionally lose the ability to read
                  | scrolls when taking damage. [potion of mutation]
 70782 | Zot:2    | Lost mutation: You are weak. (Str -2) [potion of mutation]
 70782 | Zot:2    | Lost mutation: You sometimes lose your temper in combat.
                  | [potion of mutation]
 70782 | Zot:2    | Gained mutation: Your muscles are strong. (Str +4, Int/Dex
                  | -1) [potion of mutation]
 70782 | Zot:2    | Lost mutation: Your muscles are strong. (Str +4, Int/Dex
                  | -1) [potion of mutation]
 70783 | Zot:2    | Lost mutation: Your flesh is heat resistant. (rF+) [potion
                  | of mutation]
 70783 | Zot:2    | Lost mutation: You have a somewhat thin skeletal structure.
                  | (Dex +2, Stealth+) [potion of mutation]
 70783 | Zot:2    | Gained mutation: You occasionally lose the ability to read
                  | scrolls when taking damage. [potion of mutation]
 70783 | Zot:2    | Gained mutation: Your flesh is heat resistant. (rF+)
                  | [potion of mutation]
 70784 | Zot:2    | Lost mutation: You have hidden genetic defects. [potion of
                  | mutation]
 70784 | Zot:2    | Lost mutation: You occasionally lose the ability to read
                  | scrolls when taking damage. [potion of mutation]
 70784 | Zot:2    | Lost mutation: Your flesh is heat resistant. (rF+) [potion
                  | of mutation]
 70784 | Zot:2    | Gained mutation: Your body sometimes deteriorates upon
                  | taking damage. [potion of mutation]
 70785 | Zot:2    | Lost mutation: You are very frail. (-20% HP) [potion of
                  | mutation]
 70785 | Zot:2    | Lost mutation: You are frail. (-10% HP) [potion of
                  | mutation]
 70785 | Zot:2    | Gained mutation: Your muscles are strong. (Str +4, Int/Dex
                  | -1) [potion of mutation]
 70785 | Zot:2    | Gained mutation: Your spells are a little harder to cast,
                  | but a little more powerful. [potion of mutation]
 70838 | Zot:3    | Reached skill level 15 in Conjurations
 70838 | Zot:3    | Reached skill level 15 in Hexes
 70838 | Zot:3    | Reached skill level 15 in Summonings
 70838 | Zot:3    | Reached skill level 15 in Necromancy
 70838 | Zot:3    | Reached skill level 15 in Transmutations
 70838 | Zot:3    | Reached skill level 15 in Fire Magic
 70838 | Zot:3    | Reached skill level 15 in Ice Magic
 70838 | Zot:3    | Reached skill level 15 in Air Magic
 70838 | Zot:3    | Reached skill level 15 in Earth Magic
 70838 | Zot:3    | Reached skill level 15 in Poison Magic
 73374 | Zot:3    | Noticed an orb of fire
 73382 | Zot:3    | Gained mutation: You sometimes lose your temper in combat.
                  | [an orb of fire]
 73390 | Zot:3    | Gained mutation: You are vulnerable to cold. (rC-) [an orb
                  | of fire]
 73638 | Zot:3    | Gained mutation: You occasionally lose the ability to drink
                  | potions when taking damage. [an orb of fire]
 73640 | Zot:3    | Gained mutation: You are clumsy. (Dex -2) [an orb of fire]
 73654 | Zot:3    | Killed an orb of fire
 73805 | Zot:3    | Lost mutation: Your muscles are strong. (Str +4, Int/Dex
                  | -1) [potion of mutation]
 73805 | Zot:3    | Lost mutation: You occasionally lose the ability to drink
                  | potions when taking damage. [potion of mutation]
 73805 | Zot:3    | Gained mutation: Your natural rate of healing is unusually
                  | fast. [potion of mutation]
 73805 | Zot:3    | Gained mutation: You occasionally lose the ability to read
                  | scrolls when taking damage. [potion of mutation]
 73805 | Zot:3    | Gained mutation: Your muscles are strong. (Str +4, Int/Dex
                  | -1) [potion of mutation]
 73806 | Zot:3    | Lost mutation: Your natural rate of healing is unusually
                  | fast. [potion of mutation]
 73806 | Zot:3    | Lost mutation: You occasionally lose the ability to read
                  | scrolls when taking damage. [potion of mutation]
 73806 | Zot:3    | Gained mutation: You are somewhat resistant to further
                  | mutation. [potion of mutation]
 74941 | Zot:4    | Noticed Grunn
 75388 | Zot:5    | Entered Level 5 of the Realm of Zot
 75477 | Zot:5    | Found Vioschol's Changing Room.
 75688 | Zot:5    | Found a transporter.
 75691 | Zot:5    | Found a transporter.
 75691 | Zot:5    | Found a transporter.
 75715 | Zot:5    | Found a transporter.
 76151 | Zot:5    | Bought a potion of mutation for 208 gold pieces
 77773 | Zot:5    | Noticed a Killer Klown
 77909 | Zot:5    | Killed a Killer Klown
 78137 | Zot:5    | Noticed a dread lich
 78150 | Zot:5    | Paralysed by a dread lich for 5 turns
 78205 | Zot:5    | Killed a dread lich
 78422 | Zot:4    | Killed Grunn
 79043 | Orc:2    | Bought a potion of might for 64 gold pieces
 79043 | Orc:2    | Bought a potion of might for 64 gold pieces
 79126 | Orc:1    | Killed Jisity's ghost
 79225 | D:11     | Killed dertzug's ghost
 79369 | Elf:2    | Killed Timpihef's ghost
 79616 | Crypt:1  | Entered Level 1 of the Crypt
 79760 | Crypt:1  | Reached XP level 27. HP: 219/219 MP: 45/45
 81622 | Crypt:2  | Identified the +1 plate armour "Iseptoer" {Harm *Slow rC++}
 83126 | Crypt:2  | Found a runed translucent door.
 83126 | Crypt:2  | Noticed Waammiq's ghost (veteran GrEE)
 83147 | Crypt:3  | Entered Level 3 of the Crypt
 83260 | Crypt:2  | Reached skill level 20 in Invocations
 85026 | Crypt:3  | Found a staircase to the Tomb.
 85169 | Crypt:3  | Noticed a dread lich
 85190 | Crypt:3  | Killed a dread lich
 85220 | Crypt:3  | Mangled by a spectral iron giant

Illustrated notes

Levels and vault maps discovered:
D:1:      spicycebolla_arrival_transporter_tutorial, layout_loops_ring,
          hellmonk_ecumenical_altar_dog_temple, serial_bayou_lake_a
D:2:      layout_basic, minmay_misc_feat_columns
D:3:      layout_loops_ring, guppyfry_early_lair_pool
D:4:      layout_cave_pools, nicolae_sif_muna_little_library,
          nicolae_uskayaw_dance_hall, hangedman_minor_gate_pass, uniq_robin,
          uniq_grinder
D:5:      layout_basic, mainiacjoe_overflow_24_doors, kennysheep_mini,
          temple_green, serial_shops, shop, uniq_duvessa
D:6:      layout_loops_ring, nicolae_overflow_crystal_walls, serial_shops, shop
D:7:      layout_gridville, grunt_temple_overflow_champion_of_chaos
D:8:      layout_rooms, grunt_temple_overflow_opulence, zin_statuary,
          enter_bailey_3, kennysheep_potato
D:9:      layout_basic, serial_shops, nicolae_shop_tiny_statue_garden,
          st_stairs_10
D:10:     layout_cave_pods
D:11:     layout_rooms, erik_lair_dragon,
          kennysheep_orc_monster_closet_entryway, ebering_ghost_xom,
          library_closet, minmay_gold_behind_fungi
D:12:     layout_roguey, nemelex_altar_shiori
D:13:     layout_roguey, david_vaults_1
D:14:     layout_loops_cross, kennysheep_generic_room_16, uniq_roxanne,
          uniq_jorgrun
D:15:     gammafunk_depths_entry_grave, layout_basic, serial_shops,
          nicolae_inconvenience_store, nicolae_concentric_dashed_squares_wild
Temple:   minmay_temple_forest_path
Lair:1:   layout_hall_layers
Lair:2:   layout_loops_ring, shoals_dummy_entry, maelrawn_ghost_gauntlet_escape
Lair:3:   layout_misc_corridors, dummy_spider_entry,
          grunt_forest_stairs_clearing, lemuel_fruit_tree
Lair:4:   layout_regular_city, nicolae_slime_entry_slimehenge, st_stairs_13
Lair:5:   due_jungle_book, layout_loops_ring, grunt_megastairs_4,
          serial_bayou_shore_a, infiniplex_staircase_pool_2, uniq_kirke
Shoals:1: layout_shoals
Shoals:2: layout_shoals
Shoals:3: layout_shoals, abandoned_shop, nicolae_shoals_enchanted_isle
Shoals:4: shoals_end_grunt_garden, layout_shoals, serial_shops,
          nicolae_shop_advertising_works [nicolae_subvault_shop_adworks],
          nicolae_shop_vocational
Spider:1: layout_chambers, nicolae_spider_altar_of_dancing, uniq_nikola
Spider:2: layout_chambers, gammafunk_ghost_split,
          nicolae_spider_twisty_arc_passages
Spider:3: layout_chambers
Spider:4: grunt_spider_rune_parallel, uniq_aizul, uniq_arachne
Orc:1:    layout_diamond_mine, ebering_ghost_rock_garden, serial_shops, shop,
          okawaru_metal_pillars_1_2
Orc:2:    pf_orc_diabolical, layout_caves, serial_shops, shop
Elf:1:    layout_geoelf_grid, minmay_elf_crystal_hexagon, grunt_megastairs_1,
          uniq_louise
Elf:2:    nicolae_elf_blades_crystal_corner, layout_onion_city, basic_altar,
          gammafunk_ghost_grave
Elf:3:    elf_hall_gauntlet_narrow, layout_gridlike,
          portal_ice_cave_entry_ice_statue_one
Vaults:1: ontoclasm_vaults_bender, vaults_mumra_chevron,
          hangedman_vaults_stitches, nicolae_vaults_six-pack,
          vaults_room_hallway, vaults_room_grunt_arrival_ludios,
          nicolae_vaults_little_squares_3, nicolae_vaults_mini_display_case,
          nicolae_vaults_house_1, nicolae_vaults_little_squares_1,
          nicolae_vaults_network_periphery, nicolae_vaults_alarming,
          nicolae_vaults_tetromino_Z_2, layout_vaults_omnicross
Vaults:2: portal_desolation_entry_garden, v_pattern_3,
          nicolae_vaults_bisected_exclaves, hangedman_vaults_variations,
          nicolae_vaults_closet_pinwheel_2, nicolae_vaults_diamond_1,
          nicolae_vaults_tetromino_L_2, v_misc_3, grunt_vaults_hallway_short,
          nicolae_vaults_shelves_hall, nicolae_vaults_door_testing_chamber,
          nicolae_vaults_variable_pillar_hall, layout_vaults_big_room,
          serial_shops, nicolae_square_shop
Vaults:3: gammafunk_ghost_smash, minmay_crypt_entry_simple_statues,
          nicolae_vaults_what_the_h, nicolae_vaults_weapon_check,
          nicolae_vaults_diamond_1, vaults_dpeg_emergency_exit,
          vaults_room_corners, nicolae_vaults_yaktaur_gun_rack,
          nicolae_vaults_little_ls, v_misc_2, nicolae_vaults_heart-shaped_vault,
          nicolae_vaults_tetromino_T_1, nicolae_vaults_security_offices_4,
          v_misc_8, nicolae_vaults_little_squares_2,
          nicolae_vaults_tetromino_L_1, layout_vaults_maze_snakey
Vaults:4: nicolae_vaults_storage_room_glass, nicolae_vaults_security_offices_5,
          v_misc_30, nicolae_vaults_closet_pinwheel_2, grunt_vaults_swirl,
          ontoclasm_vaults_pinch, nicolae_vaults_double_plus_2,
          nicolae_vaults_double_plus_1, nicolae_vaults_storage_room_water,
          nicolae_vaults_ring_of_whatevers, vaults_room_corners,
          layout_vaults_ring, serial_shops, nicolae_shop_tiny_glass
Vaults:5: serial_shops
Crypt:1:  layout_gridlike, mu_enter_wizlab_6, grunt_crypt_arrival_webbed
Crypt:2:  layout_misc_corridors, gammafunk_ghost_grave, nicolae_crypt_niches,
          roderic_lattice_octagonal_star
Crypt:3:  due_elkab, layout_chaotic_city, st_shrine_of_skulls
Depths:1: layout_basic, minmay_hedge_maze, hell_entry,
          hangedman_abyss_or_decor_clamps, nicolae_kite_square_tiling_tiny,
          nicolae_qazlal_general_emergency, uniq_sojobo, uniq_bai_suzhen
Depths:2: gammafunk_sealed_library, layout_cave_pools, enter_ziggurat_b,
          abyss_entry, hell_entry, nicolae_tso_swordbearing_angel,
          rand_demon_pan_entry_5, lemuel_flame_loot_1,
          minmay_staircase_windowed_large, serial_bayou_shore_b, uniq_vv
Depths:3: nzn_winding_woodlands_small [nzn_winding_woodlands_5x15_cabin,
          nzn_winding_woodlands_center_lodge,
          nzn_winding_woodlands_5x15_crooked], layout_basic, abyss_entry,
          hell_entry, nicolae_shop_fire_sale [nicolae_sub_dead_trees],
          minmay_misc_feat_alley, minmay_fractal_squares_gapless_7
Depths:4: lemuel_castle_with_subvaults [lemuel_castle_interior_carwin_2],
          layout_basic, hangedman_decor_lopped, hell_entry,
          minmay_tree_intersection, grunt_megastairs_3, uniq_mennas,
          uniq_josephina
Zot:1:    layout_basic, bh_zot_levy_curve
Zot:2:    kennysheep_six_static_rooms, layout_misc_corridors
Zot:3:    grunt_deathspiral_small, layout_onion_interference, lemuel_golem_globe
Zot:4:    layout_misc_corridors, grunt_megastairs_2, uniq_grunn
Zot:5:    layout_misc_corridors, nicolae_transmutations_shop,
          nicolae_diode_intersection

Skill      XL: |  1  2  3  4  5  6  7  8  9 10 11 12 13 14 15 16 17 18 19 20 21 22 23 24 25 26 27 |
---------------+----------------------------------------------------------------------------------+-----
Translocations | 2 3 4 5 6 7 8 9 10 11 12 13 14 15 16 | 16.0
Invocations    | 1 2 3 4 5 6 7 8 10 11 12 13 14 15 16 17 18 19 20 | 20.1
Short Blades   | 1 2 3 5 6 7 8 9 10 11 12 13 14 15 16 17 18 | 18.6
Long Blades    | 1 2 3 5 6 7 8 9 10 11 12 13 14 15 16 17 18 | 18.6
Axes           | 1 2 3 5 6 7 8 9 10 11 12 13 14 15 16 17 18 | 18.6
Maces & Flails | 1 2 3 5 6 7 8 9 10 11 12 13 14 15 16 17 18 | 18.6
Polearms       | 1 2 3 5 6 7 8 9 10 11 12 13 14 15 16 17 18 | 18.6
Staves         | 1 2 3 5 6 7 8 9 10 11 12 13 14 15 16 17 18 | 18.6
Ranged Weapons | 1 2 3 5 6 7 8 9 10 11 12 13 14 15 16 17 18 | 18.6
Throwing       | 1 2 3 5 6 7 8 9 10 11 12 13 14 15 16 17 18 | 18.6
Dodging        | 1 2 3 5 6 7 8 9 10 11 12 13 14 15 16 17 18 | 18.6
Unarmed Combat | 1 2 3 5 6 7 8 9 10 11 12 13 14 15 16 17 18 | 18.6
Evocations     | 1 2 3 5 6 7 8 9 10 11 12 13 14 15 16 17 18 | 18.6
Spellcasting   | 3 4 5 6 7 8 9 10 11 12 13 14 15 16 17 18 | 18.8
Conjurations   | 1 2 3 4 5 6 7 8 9 10 11 12 13 14 15 | 15.9
Hexes          | 1 2 3 4 5 6 7 8 9 10 11 12 13 14 15 | 15.9
Summonings     | 1 2 3 4 5 6 7 8 9 10 11 12 13 14 15 | 15.9
Necromancy     | 1 2 3 4 5 6 7 8 9 10 11 12 13 14 15 | 15.9
Transmutations | 1 2 3 4 5 6 7 8 9 10 11 12 13 14 15 | 15.9
Fire Magic     | 1 2 3 4 5 6 7 8 9 10 11 12 13 14 15 | 15.9
Ice Magic      | 1 2 3 4 5 6 7 8 9 10 11 12 13 14 15 | 15.9
Air Magic      | 1 2 3 4 5 6 7 8 9 10 11 12 13 14 15 | 15.9
Earth Magic    | 1 2 3 4 5 6 7 8 9 10 11 12 13 14 15 | 15.9
Poison Magic   | 1 2 3 4 5 6 7 8 9 10 11 12 13 14 15 | 15.9
Stealth        | 3 4 5 6 7 8 9 10 11 12 13 14 15 16 17 18 | 18.8
Fighting       | 5 6 7 8 9 10 11 12 13 14 15 16 17 18 19 | 19.1
Armour         | 5 6 7 8 9 10 11 12 13 14 15 16 17 18 19 | 19.1
Shields        | 7 8 9 10 11 12 13 14 15 16 17 18 19 | 19.6

Action                     |  1- 3 |  4- 6 |  7- 9 | 10-12 | 13-15 | 16-18 | 19-21 | 22-24 | 25-27 || total
---------------------------+-------+-------+-------+-------+-------+-------+-------+-------+-------++-------
  Melee: Dagger            |   150 |    51 |   352 |  1066 |   433 |       |       |       |       ||  2052
         Bite              |    19 |    14 |    49 |   176 |   335 |   310 |   297 |   618 |   730 ||  2548
         Lajatang          |    22 |    66 |       |       |       |       |       |       |       ||    88
         Rapier            |       |       |       |       |  1439 |  1728 |  1471 |  2567 |  3171 || 10376
  Throw: Boomerang         |       |       |    38 |    57 |    17 |       |       |       |     2 ||   114
         Dart              |       |       |       |    11 |     4 |     3 |     1 |     3 |     4 ||    26
         Javelin           |       |       |       |       |    12 |    11 |    31 |    58 |    59 ||   171
         Throwing net      |       |       |       |       |       |     2 |       |     1 |     1 ||     4
   Cast: Blink             |       |       |       |       |     4 |     2 |       |       |       ||     6
         Slow              |       |       |       |       |     3 |       |       |       |       ||     3
         Apportation       |       |       |       |       |       |     1 |       |       |       ||     1
         Manifold Assault  |       |       |       |       |       |     1 |       |       |       ||     1
         Swiftness         |       |       |       |       |       |       |       |       |     1 ||     1
 Invoke: Potion Petition   |       |       |       |     2 |     1 |     4 |     3 |     7 |     5 ||    22
         Call Merchant     |       |       |       |       |     1 |     1 |     1 |     1 |       ||     4
         Bribe Branch      |       |       |       |       |       |     1 |       |     1 |     1 ||     3
  Evoke: Wand              |     1 |     5 |    18 |    21 |     4 |    48 |    14 |    10 |    18 ||   139
         Lightning rod     |       |       |       |       |    11 |    22 |    13 |    15 |     8 ||    69
         Box of beasts     |       |       |       |       |     1 |     4 |     2 |     5 |     4 ||    16
    Use: Scroll            |       |     6 |    15 |    12 |    12 |    16 |    10 |     7 |    13 ||    91
         Potion            |       |       |     4 |     5 |     3 |    14 |     9 |     3 |    28 ||    66
   Stab: Sleeping          |     4 |     5 |     7 |     7 |    24 |    39 |    52 |    68 |    68 ||   274
         Distracted        |       |       |       |     7 |    17 |    24 |    19 |    41 |    23 ||   131
         Betrayed ally     |       |       |       |       |       |     1 |       |       |       ||     1
         Invisible         |       |       |       |       |       |       |       |     3 |       ||     3
         Held in net/web   |       |       |       |       |       |       |       |       |     1 ||     1
 Armour: Ring mail         |    76 |    34 |    62 |    22 |       |       |       |       |       ||   194
         Skin              |       |       |     2 |       |       |       |     1 |       |    84 ||    87
         Troll leather arm |       |       |       |   166 |   261 |   215 |   146 |   219 |   292 ||  1299
         Ice dragon scales |       |       |       |       |    37 |       |       |       |       ||    37
  Dodge: Dodged            |    59 |    40 |   106 |   382 |   620 |   573 |   491 |   799 |  1124 ||  4194
  Block: Buckler           |    53 |    38 |   212 |   668 |   519 |       |       |       |       ||  1490
         Other             |       |     5 |       |       |       |       |       |       |       ||     5
         Reflection        |       |     8 |     9 |    19 |    32 |   117 |     4 |    57 |    22 ||   268
         Kite shield       |       |       |       |       |   745 |    46 |       |       |       ||   791
         Tower shield      |       |       |       |       |       |  1938 |  1655 |  2762 |  3313 ||  9668
